 Dungeon Crawl Stone Soup version 0.23.2-40-g277498a001 (webtiles) character file.

Game seed: 7769259855074881433

47321 Chiseanne the Cleaver (level 14, -1/113 HPs)
             Began as a Gnoll Berserker on Oct 11, 2019.
             Was an Elder of Trog.
             Slain by a sixfirhy (2 damage)
             ... summoned by an orc sorcerer
             ... on level 2 of the Orcish Mines.
             The game lasted 00:52:18 (14803 turns).

Chiseanne the Cleaver (Gnoll Berserker)            Turns: 14803, Time: 00:52:19

Health: -1/113     AC:  3    Str: 24    XL:     14   Next: 41%
Magic:  27/27      EV: 22    Int: 12    God:    Trog [****..]
Gold:   1176       SH:  7    Dex: 22    Spells: 31/31 levels left

rFire    + . .     SeeInvis +   s - +8 flail of the Saviour {flame, MR+ Str+3 SInv}
rCold    . . .     Gourm    .   f - +0 buckler
rNeg     . . .     Faith    .   b - +1 ring mail "Ejoqoff" {Regen+ Int+3 Dex+3 SInv}
rPois    .         Spirit   .   v - +1 hat
rElec    .         Reflect  .   u - +0 cloak
rCorr    .         Harm     +   I - +0 pair of gloves
MR       ++++.                  (no boots)
Stlth    ++++......             H - amulet of harm
HPRegen  1.68/turn              L - +3 ring of evasion
MPRegen  0.20/turn              r - ring of protection from fire

@: corroded, berserk cooldown, regenerating, slowed, drained, very slow
A: distributed training, fangs 1, strong nose
a: Berserk, Trog's Hand, Brothers in Arms, Renounce Religion


You were on level 2 of the Orcish Mines.
You worshipped Trog.
Trog was greatly pleased with you.
You were hungry.

You visited 2 branches of the dungeon, and saw 17 of its levels.
You also visited: Sewer.

You collected 1234 gold pieces.
You spent 58 gold pieces at shops.

Inventory:

Hand Weapons
 a - the +6 spear "Qotuokku" {speed, Str+5 Int+3 Dex-2}
   (You found it on level 6 of the Dungeon)

   Attacks with this weapon are significantly faster.
   It affects your strength (+5).
   It affects your intelligence (+3).
   It affects your dexterity (-2).
 e - a +0 scimitar of flaming
 g - a +8 executioner's axe of electrocution
 q - a +4 blowgun
 s - the +8 flail of the Saviour (weapon) {flame, MR+ Str+3 SInv}
   (You found it on level 11 of the Dungeon)

   It has been specially enchanted to burn those struck by it, causing extra
   injury to most foes and up to half again as much damage against particularly
   susceptible opponents.
   It affects your strength (+3).
   It affects your resistance to hostile enchantments.
   It lets you see invisible.
 w - a +2 fustibalus of freezing
Missiles
 j - 6 javelins
 k - 171 sling bullets
 G - 3 throwing nets
 J - 3 tomahawks of returning
 K - 22 tomahawks (quivered)
 R - 6 curare-tipped needles
Armour
 b - the +1 ring mail "Ejoqoff" (worn) {Regen+ Int+3 Dex+3 SInv}
   (You found it on level 15 of the Dungeon)

   It affects your intelligence (+3).
   It affects your dexterity (+3).
   It lets you see invisible.
   It increases your rate of regeneration.
 f - a +0 buckler (worn)
 u - a +0 cloak (worn)
 v - a +1 hat (worn)
 I - a +0 pair of gloves (worn)
Jewellery
 r - a ring of protection from fire (right hand)
 F - an uncursed ring of fire
 H - an amulet of harm (around neck)
 L - a +3 ring of evasion (left hand)
 N - a cursed +3 amulet of reflection
 P - a +4 ring of intelligence {unknown}
 V - an uncursed ring of magical power {unknown}
 W - a +2 amulet of reflection
Wands
 B - a wand of digging (2)
 M - a wand of acid (4)
 Q - a wand of paralysis (18)
 U - a wand of iceblast (4)
 X - a wand of disintegration (10)
Scrolls
 l - 4 scrolls of remove curse
 p - 6 scrolls of fog
 z - 4 scrolls of teleportation
 T - 3 scrolls of magic mapping
Potions
 d - 7 potions of heal wounds
 h - a potion of invisibility
 i - 4 potions of might
 m - a potion of haste
 n - 4 potions of curing
 x - 3 potions of lignification
 A - 3 potions of flight
 D - 3 potions of magic
Comestibles
 c - 25 rations
 o - 4 chunks of flesh


   Skills:
 + Level 11.0(10.1) Fighting
 + Level 9.0(8.2) Short Blades
 + Level 9.0(8.2) Long Blades
 + Level 11.0(10.1) Axes
 + Level 9.0(8.2) Maces & Flails
 + Level 9.0(8.2) Polearms
 + Level 9.0(8.2) Staves
 + Level 9.0(8.2) Slings
 + Level 9.0(8.2) Bows
 + Level 9.0(8.2) Crossbows
 + Level 9.0(8.2) Throwing
 + Level 10.1(9.3) Armour
 + Level 10.1(9.3) Dodging
 + Level 9.0(8.2) Stealth
 + Level 9.0(8.2) Shields
 + Level 9.0(8.2) Unarmed Combat
 + Level 9.0(8.2) Spellcasting
 + Level 7.5(6.7) Conjurations
 + Level 7.5(6.7) Hexes
 + Level 7.5(6.7) Charms
 + Level 7.5(6.7) Summonings
 + Level 7.5(6.7) Necromancy
 + Level 7.5(6.7) Translocations
 + Level 7.5(6.7) Transmutations
 + Level 7.5(6.7) Fire Magic
 + Level 7.5(6.7) Ice Magic
 + Level 7.5(6.7) Air Magic
 + Level 7.5(6.7) Earth Magic
 + Level 7.5(6.7) Poison Magic
 + Level 9.8(9.0) Invocations
 + Level 9.0(8.2) Evocations


You had 31 spell levels left.
You didn't know any spells.
Your spell library was empty.

Dungeon Overview and Level Annotations

Branches:
Dungeon (15/15)            Temple (0/1) D:7            Lair (0/6) D:9
    Orc (2/2) D:9          Vaults (0/5) D:14         Depths (0/5) D:15
    Elf: Orc:2

Altars:
Ashenzari
Dithmenos
Fedhas
Kikubaaqudgha
Nemelex Xobeh
Okawaru
Qazlal
Ru
Sif Muna
Uskayaw
Vehumet
Wu Jian
Xom
The Shining One
Beogh

Shops:
D:8 =

Annotations:
D:7 1 runed translucent door
D:13 1 runed translucent door, Glamhuggeren's ghost, journeyman MiFi


Innate Abilities, Weirdness & Mutations

Your experience applies equally to all skills.
You have very sharp teeth.
Your uncanny sense of smell can sniff out nearby items.


Message History

The rust devil corrodes you!
You thump the rust devil!
The rust devil is moderately wounded.
The hellwing hits you!
* * * LOW HITPOINT WARNING * * *
The hellwing completely misses you.
You sock the rust devil! You bite the rust devil.
The rust devil is severely wounded.
You are no longer berserk.
You are exhausted.
You feel yourself slow down.
You feel much better. The sixfirhy hits you. The sixfirhy shocks you!
* * * LOW HITPOINT WARNING * * *
The sixfirhy hits you!
* * * LOW HITPOINT WARNING * * *
The sixfirhy shocks you!
* * * LOW HITPOINT WARNING * * *
The sixfirhy misses you. You block the sixfirhy's attack.
The sixfirhy hits you.
You die...

##.## #...# ##..$## #.....#
..... 4o. #3# #@# #4######
#......# .#######'### .
###.# #.....# .. ####....#
#.._..+ ... ###......#
#..)..#
..###........########)###.#
.###..........#.....#.....#


You could see a hellwing, a rust devil, a sixfirhy and an orc sorcerer.

Vanquished Creatures
  Rupert (D:13)
  A fire giant (D:15)
  Harold (D:8)
  Erica (Orc:1)
  A centaur warrior (D:14)
  5 two-headed ogres
  3 death yaks (D:9)
  4 tengu warriors (D:14)
  Sonja (D:13)
  2 unseen horrors
  A necromancer (D:14)
  Pikel (D:5)
  An orc knight (Orc:2)
  22 ugly things
  An orc sorcerer (Orc:1)
  A cyclops (D:11)
  2 manticores
  3 centaur zombies
  Psyche (D:11)
  A gargoyle (D:10)
  A yaktaur (D:14)
  A kobold demonologist (D:14)
  A komodo dragon (D:14)
  8 trolls
  A queen bee (D:11)
  7 slime creatures (D:13)
  Grinder (D:5)
  4 hippogriffs
  2 vampires (D:14)
  Sigmund (D:6)
  3 water elementals (D:14)
  2 wraiths
  2 wyverns (D:13)
  A hog (shapeshifter) (D:14)
  2 hungry ghosts (D:14)
  Menkaure (D:7)
  A warg (Orc:2)
  An acid dragon (D:14)
  2 water moccasins
  19 orc warriors
  6 ice beasts
  4 sky beasts
  11 ogres
  5 phantoms
  18 centaurs
  6 boggarts (D:14)
  A crocodile (D:8)
  4 big kobolds
  2 wyvern zombies
  12 bullfrogs
  2 wyvern skeletons
  3 scorpions
  19 killer bees
  8 wights
  A howler monkey (D:13)
  8 crimson imps
  A bullfrog zombie (D:12)
  6 jellies
  2 bullfrog skeletons
  15 orc priests
  4 hounds
  9 centaur skeletons
  Jessica (D:2)
  2 iguanas (D:4)
  10 worker ants
  18 orc wizards
  3 hound zombies
  3 hound skeletons
  A worker ant zombie (D:5)
  18 adders
  7 river rats
  A shadow imp (D:10)
  2 oozes
  2 adder zombies
  4 adder skeletons
  3 worms
  2 dart slugs
  4 leopard geckos
  87 orcs
  13 ball pythons (Sewer)
  5 bats
  8 hobgoblins
  18 kobolds
  5 quokkas
  7 frilled lizards
  A giant cockroach zombie (D:6)
  11 goblins
  A leopard gecko skeleton (D:7)
  3 quokka skeletons
  2 quokka zombies (D:7)
  34 rats
538 creatures vanquished.

Vanquished Creatures (others)
  An orc wizard (D:10)
  An adder skeleton (D:5)
  4 orcs (D:5)
  2 withered plants (D:13)
8 creatures vanquished.

Grand Total: 546 creatures vanquished

Notes
Turn   | Place    | Note
-------+----------+-------------------------------------------
     0 | D:1      | Chiseanne the Gnoll Berserker began the quest for the Orb.
     0 | D:1      | Reached XP level 1. HP: 23/23 MP: 1/1
   180 | D:1      | Reached XP level 2. HP: 29/29 MP: 2/2
   557 | D:1      | Reached XP level 3. HP: 33/35 MP: 3/3
   565 | D:1      | Reached ** piety under Trog
   740 | D:2      | Reached skill level 1 in Invocations
   918 | D:2      | Noticed Jessica
   928 | D:2      | Killed Jessica
   928 | D:2      | Reached skill level 1 in Short Blades
   928 | D:2      | Reached skill level 1 in Long Blades
   928 | D:2      | Reached skill level 1 in Maces & Flails
   928 | D:2      | Reached skill level 1 in Polearms
   928 | D:2      | Reached skill level 1 in Staves
   928 | D:2      | Reached skill level 1 in Slings
   928 | D:2      | Reached skill level 1 in Bows
   928 | D:2      | Reached skill level 1 in Crossbows
   928 | D:2      | Reached skill level 1 in Throwing
   928 | D:2      | Reached skill level 1 in Stealth
   928 | D:2      | Reached skill level 1 in Shields
   928 | D:2      | Reached skill level 1 in Unarmed Combat
   928 | D:2      | Reached skill level 1 in Spellcasting
   928 | D:2      | Reached skill level 1 in Evocations
   928 | D:2      | Reached XP level 4. HP: 37/41 MP: 5/5
  1367 | D:3      | Reached skill level 1 in Conjurations
  1367 | D:3      | Reached skill level 1 in Hexes
  1367 | D:3      | Reached skill level 1 in Charms
  1367 | D:3      | Reached skill level 1 in Summonings
  1367 | D:3      | Reached skill level 1 in Necromancy
  1367 | D:3      | Reached skill level 1 in Translocations
  1367 | D:3      | Reached skill level 1 in Transmutations
  1367 | D:3      | Reached skill level 1 in Fire Magic
  1367 | D:3      | Reached skill level 1 in Ice Magic
  1367 | D:3      | Reached skill level 1 in Air Magic
  1367 | D:3      | Reached skill level 1 in Earth Magic
  1367 | D:3      | Reached skill level 1 in Poison Magic
  1397 | D:3      | Reached XP level 5. HP: 42/47 MP: 6/6
  1501 | D:3      | Found a sparkling altar of Nemelex Xobeh.
  1512 | D:3      | Reached *** piety under Trog
  1537 | D:3      | Found a shattered altar of Ashenzari.
  1550 | D:3      | Found an ancient bone altar of Kikubaaqudgha.
  1941 | D:4      | Noticed a centaur
  1941 | D:4      | Noticed an ogre
  2060 | D:4      | Found a blossoming altar of Fedhas.
  2069 | D:4      | Killed a centaur
  2069 | D:4      | Reached XP level 6. HP: 11/53 MP: 8/8
  2245 | D:4      | Reached skill level 5 in Armour
  2245 | D:4      | Reached skill level 5 in Dodging
  2375 | D:4      | Reached XP level 7. HP: 47/59 MP: 10/10
  2416 | D:4      | Found a glowing drain.
  2421 | Sewer    | Entered a sewer
  2678 | Sewer    | Reached **** piety under Trog
  3312 | D:5      | Entered Level 5 of the Dungeon
  3394 | D:5      | Noticed Pikel
  3445 | D:5      | Killed Pikel
  3445 | D:5      | Reached XP level 8. HP: 67/67 MP: 12/12
  3719 | D:5      | Found a stormy altar of Qazlal.
  3756 | D:5      | Noticed Grinder
  3764 | D:5      | Killed Grinder
  4299 | D:6      | Noticed Sigmund
  4306 | D:6      | Got a slimy spear
  4318 | D:6      | Identified the +6 spear "Qotuokku" {speed, Str+5 Int+3
                  | Dex-2} (You found it on level 6 of the Dungeon)
  4354 | D:6      | Killed Sigmund
  4354 | D:6      | Reached XP level 9. HP: 65/72 MP: 14/14
  4506 | D:6      | Found a deep blue altar of Sif Muna.
  4588 | D:6      | Found a hide-covered altar of Uskayaw.
  4637 | D:6      | Found an ornate altar of the Wu Jian Council.
  4781 | D:6      | Found a shimmering altar of Xom.
  5172 | D:7      | Found a glowing golden altar of the Shining One.
  5180 | D:7      | Found a runed translucent door.
  5180 | D:7      | Noticed an angel
  5198 | D:7      | Found a staircase to the Ecumenical Temple.
  5202 | D:7      | Noticed Menkaure
  5207 | D:7      | Reached ***** piety under Trog
  5215 | D:7      | Killed Menkaure
  5475 | D:7      | Found a glowing golden altar of the Shining One.
  5558 | D:8      | Reached skill level 5 in Invocations
  5694 | D:8      | Reached XP level 10. HP: 71/80 MP: 17/17
  5725 | D:8      | Found Elistuus's Jewellery Shoppe.
  5731 | D:8      | Bought a cursed ring of attention for 58 gold pieces
  5841 | D:8      | Noticed Harold
  5852 | D:8      | Killed Harold
  5852 | D:8      | Reached skill level 5 in Short Blades
  5852 | D:8      | Reached skill level 5 in Long Blades
  5852 | D:8      | Reached skill level 5 in Maces & Flails
  5852 | D:8      | Reached skill level 5 in Polearms
  5852 | D:8      | Reached skill level 5 in Staves
  5852 | D:8      | Reached skill level 5 in Slings
  5852 | D:8      | Reached skill level 5 in Bows
  5852 | D:8      | Reached skill level 5 in Crossbows
  5852 | D:8      | Reached skill level 5 in Throwing
  5852 | D:8      | Reached skill level 5 in Stealth
  5852 | D:8      | Reached skill level 5 in Shields
  5852 | D:8      | Reached skill level 5 in Unarmed Combat
  5852 | D:8      | Reached skill level 5 in Spellcasting
  5852 | D:8      | Reached skill level 5 in Evocations
  5909 | D:8      | Found a sacrificial altar of Ru.
  6564 | D:9      | Found a roughly hewn altar of Beogh.
  6564 | D:9      | Found a staircase to the Orcish Mines.
  6581 | D:10     | Entered Level 10 of the Dungeon
  6589 | D:10     | Received a gift from Trog
  6709 | D:10     | Noticed a gargoyle
  6723 | D:10     | Killed a gargoyle
  7025 | D:9      | Noticed a death yak
  7026 | D:9      | Found a staircase to the Lair.
  7031 | D:9      | Noticed a death yak
  7066 | D:9      | Killed a death yak
  7066 | D:9      | Reached XP level 11. HP: 87/87 MP: 19/19
  7103 | D:9      | Found a radiant altar of Vehumet.
  7352 | D:9      | Noticed a death yak
  7357 | D:9      | Killed a death yak
  7364 | D:9      | Killed a death yak
  7364 | D:9      | Reached skill level 5 in Conjurations
  7364 | D:9      | Reached skill level 5 in Hexes
  7364 | D:9      | Reached skill level 5 in Charms
  7364 | D:9      | Reached skill level 5 in Summonings
  7364 | D:9      | Reached skill level 5 in Necromancy
  7364 | D:9      | Reached skill level 5 in Translocations
  7364 | D:9      | Reached skill level 5 in Transmutations
  7364 | D:9      | Reached skill level 5 in Fire Magic
  7364 | D:9      | Reached skill level 5 in Ice Magic
  7364 | D:9      | Reached skill level 5 in Air Magic
  7364 | D:9      | Reached skill level 5 in Earth Magic
  7364 | D:9      | Reached skill level 5 in Poison Magic
  7417 | D:9      | Received a gift from Trog
  7516 | D:9      | Found a shadowy altar of Dithmenos.
  7685 | D:9      | Found an iron altar of Okawaru.
  8825 | D:11     | Got a fine flail
  8833 | D:11     | Identified the +8 flail of the Saviour {flame, MR+ Str+3
                  | SInv} (You found it on level 11 of the Dungeon)
  8909 | D:11     | Noticed a cyclops
  8915 | D:11     | Killed a cyclops
  9026 | D:11     | Noticed Psyche
  9026 | D:11     | Noticed a manticore
  9036 | D:11     | Killed a manticore
  9167 | D:11     | Killed Psyche
  9612 | D:12     | Noticed a purple ugly thing
  9619 | D:12     | Killed a purple ugly thing
  9707 | D:12     | Reached XP level 12. HP: 63/96 MP: 22/22
  9881 | D:12     | Noticed a two-headed ogre
  9891 | D:12     | Killed a two-headed ogre
 10512 | D:13     | Found a runed translucent door.
 10512 | D:13     | Noticed Glamhuggeren's ghost (journeyman MiFi)
 10512 | D:13     | Noticed Rupert
 10516 | D:13     | Paralysed by Rupert for 7 turns
 10537 | D:13     | Noticed a tengu warrior
 10539 | D:13     | Noticed a tengu warrior
 10598 | D:14     | Received a gift from Trog
 10680 | D:14     | Found a gate to the Vaults.
 11335 | D:14     | Noticed a centaur warrior
 11348 | D:14     | Killed a centaur warrior
 11348 | D:14     | Received a gift from Trog
 11358 | D:14     | Reached skill level 10 in Fighting
 11358 | D:14     | Reached skill level 10 in Axes
 11439 | D:14     | Found a stormy altar of Qazlal.
 11905 | D:14     | Reached XP level 13. HP: 103/103 MP: 24/24
 12361 | D:13     | Killed Rupert
 12395 | D:13     | Noticed Sonja
 12407 | D:13     | Killed Sonja
 12538 | D:13     | Received a gift from Trog
 12994 | D:15     | Entered Level 15 of the Dungeon
 13217 | D:15     | Received a gift from Trog
 13234 | D:15     | Reached XP level 14. HP: 89/111 MP: 26/26
 13495 | D:15     | Received a gift from Trog
 13610 | D:15     | Found a staircase to the Depths.
 13611 | D:15     | Noticed a fire giant
 13624 | D:15     | Killed a fire giant
 13624 | D:15     | Reached skill level 10 in Armour
 13624 | D:15     | Reached skill level 10 in Dodging
 13784 | D:15     | Got a jewelled ring mail
 13795 | D:15     | Identified the +1 ring mail "Ejoqoff" {Regen+ Int+3 Dex+3
                  | SInv} (You found it on level 15 of the Dungeon)
 13933 | Orc:1    | Entered Level 1 of the Orcish Mines
 14013 | Orc:1    | Noticed Erica
 14024 | Orc:1    | Killed Erica
 14479 | Orc:2    | Entered Level 2 of the Orcish Mines
 14531 | Orc:2    | Received a gift from Trog
 14747 | Orc:2    | Found a roughly hewn altar of Beogh.
 14803 | Orc:2    | HP: 1/113 [sixfirhy[an orc sorcerer] (12)]
 14803 | Orc:2    | Slain by a sixfirhy

Skill      XL: |  1  2  3  4  5  6  7  8  9 10 11 12 13 14 |
---------------+-------------------------------------------+-----
Invocations    | 1 2 3 4 5 6 7 8 9 |  9.8
Short Blades   | 1 2 3 4 5 6 7 8 9 |  9.0
Long Blades    | 1 2 3 4 5 6 7 8 9 |  9.0
Maces & Flails | 1 2 3 4 5 6 7 8 9 |  9.0
Polearms       | 1 2 3 4 5 6 7 8 9 |  9.0
Staves         | 1 2 3 4 5 6 7 8 9 |  9.0
Slings         | 1 2 3 4 5 6 7 8 9 |  9.0
Bows           | 1 2 3 4 5 6 7 8 9 |  9.0
Crossbows      | 1 2 3 4 5 6 7 8 9 |  9.0
Throwing       | 1 2 3 4 5 6 7 8 9 |  9.0
Stealth        | 1 2 3 4 5 6 7 8 9 |  9.0
Shields        | 1 2 3 4 5 6 7 8 9 |  9.0
Unarmed Combat | 1 2 3 4 5 6 7 8 9 |  9.0
Spellcasting   | 1 2 3 4 5 6 7 8 9 |  9.0
Evocations     | 1 2 3 4 5 6 7 8 9 |  9.0
Conjurations   | 1 2 3 4 5 6 7 |  7.5
Hexes          | 1 2 3 4 5 6 7 |  7.5
Charms         | 1 2 3 4 5 6 7 |  7.5
Summonings     | 1 2 3 4 5 6 7 |  7.5
Necromancy     | 1 2 3 4 5 6 7 |  7.5
Translocations | 1 2 3 4 5 6 7 |  7.5
Transmutations | 1 2 3 4 5 6 7 |  7.5
Fire Magic     | 1 2 3 4 5 6 7 |  7.5
Ice Magic      | 1 2 3 4 5 6 7 |  7.5
Air Magic      | 1 2 3 4 5 6 7 |  7.5
Earth Magic    | 1 2 3 4 5 6 7 |  7.5
Poison Magic   | 1 2 3 4 5 6 7 |  7.5
Armour         | 5 6 7 8 9 10 | 10.1
Dodging        | 5 6 7 8 9 10 | 10.1
Fighting       | 7 8 9 10 11 | 11.0
Axes           | 7 8 9 10 11 | 11.0

Action                   |  1- 3 |  4- 6 |  7- 9 | 10-12 | 13-15 || total
-------------------------+-------+-------+-------+-------+-------++-------
Melee: Hand axe          |    89 |   137 |   227 |       |       ||   453
       Bite              |     8 |    26 |    66 |   103 |    51 ||   254
       Spear             |       |       |   204 |   383 |       ||   587
       Flail             |       |       |       |   229 |   333 ||   562
Throw: Stone             |       |       |    53 |     3 |       ||    56
       Tomahawk          |       |       |     6 |    92 |   161 ||   259
       Javelin           |       |       |       |       |    16 ||    16
Invok: Berserk           |       |     3 |     3 |    12 |    12 ||    30
       Trog's Hand       |       |       |     1 |     8 |    15 ||    24
Evoke: Wand              |       |       |       |     9 |     7 ||    16
  Use: Scroll            |     5 |     6 |    12 |    13 |     5 ||    41
       Potion            |       |     1 |       |       |    10 ||    11
 Stab: Sleeping          |       |     2 |     1 |    10 |     2 ||    15
       Distracted        |       |       |       |     1 |     1 ||     2
       Paralysed         |       |       |       |       |     2 ||     2
  Eat: Chunk             |       |     8 |    11 |    31 |    23 ||    73
       Ration            |       |       |     1 |     1 |     1 ||     3
Armor: Animal skin       |     1 |       |       |       |       ||     1
       Ring mail         |    12 |    28 |       |       |    18 ||    58
       Leather armour    |     2 |       |       |       |       ||     2
       Scale mail        |       |     5 |    84 |    71 |       ||   160
       Troll leather arm |       |       |       |    18 |    42 ||    60
Dodge: Dodged            |    45 |   100 |   214 |   397 |   306 ||  1062
Block: Buckler           |       |    13 |    97 |   138 |   123 ||   371
